 Dungeon Crawl Stone Soup version 0.24-a0-271-ga0fc33f (webtiles) character file.

Game seed: 1740118785368245839

6140 AngleWyrm the Caller (level 10, -1/71 HPs)
             Began as a Merfolk Summoner on Apr 22, 2019.
             Was a Priest of Hepliaklqana.
             Slain by a blink frog (14 damage)
             ... on level 8 of the Dungeon on Apr 23, 2019.
             The game lasted 02:41:39 (10855 turns).

AngleWyrm the Caller (Merfolk Summoner)            Turns: 10855, Time: 02:41:40

Health: -1/71      AC:  2    Str: 11    XL:     10   Next: 90%
Magic:  14/20      EV: 15    Int: 14    God:    Hepliaklqana [***...]
Gold:   133        SH:  0    Dex: 14    Spells: 12/22 levels left

rFire    + . .     SeeInvis +   I - +8 trident "Fataoq" {pierce, +Inv MR+}
rCold    . . .     Gourm    +   (no shield)
rNeg     . . .     Faith    .   t - +0 robe {Archmagi}
rPois    .         Spirit   .   (no helmet)
rElec    .         Reflect  .   (no cloak)
rCorr    .         Harm     .   (no gloves)
MR       +....                  x - +0 pair of boots
Stlth    +++.......             b - amulet of the gourmand
HPRegen  0.21/turn              i - ring of protection from fire
MPRegen  0.17/turn              H - ring of see invisible

@: no status effects
A: change form in water, swift swim, stealthy swim, reduced essence, deformed
body, robust 1, weak 1, wild magic 1
a: Recall Ancestor, Ancestor Identity, Transference, Renounce Religion, Evoke
Invisibility


You were on level 8 of the Dungeon.
You worshipped Hepliaklqana.
Hepliaklqana was most pleased with you.
You were not hungry.

You visited 2 branches of the dungeon, and saw 9 of its levels.

You collected 343 gold pieces.
You spent 210 gold pieces at shops.

Inventory:

Hand Weapons
 l - a +2 dagger of electrocution
 o - a +0 shortbow of freezing
 r - a +3 spear of freezing
 I - the +8 trident "Fataoq" (weapon) {pierce, +Inv MR+}
   (You found it on level 8 of the Dungeon)

   It inflicts extra damage upon your enemies.
   It affects your resistance to hostile enchantments.
   It lets you turn invisible.
Missiles
 d - 104 stones
 h - 196 arrows
 G - a javelin of penetration (quivered)
Armour
 t - a +0 robe of the Archmagi (worn)
 x - a +0 pair of boots (worn)
 F - a +2 robe of resistance
Jewellery
 a - the ring "Mytecesk" {*Contam rF+ MR+++ SInv Stlth+}
   (You found it on level 7 of the Dungeon)

   [ring of protection from fire]

   It protects you from fire.
   It affects your resistance to hostile enchantments.
   It lets you see invisible.
   It causes magical contamination when unequipped.
   It makes you more stealthy.
 b - an amulet of the gourmand (around neck)
 i - a ring of protection from fire (left hand)
 H - a ring of see invisible (right hand)
Wands
 k - a wand of digging (7)
 B - a wand of flame (11)
Scrolls
 e - 3 scrolls of remove curse
 f - a scroll of identify
 n - a scroll of fear
 y - 2 scrolls of fog
 E - a scroll of teleportation
 J - a scroll of torment {unknown}
 K - a scroll of amnesia {unknown}
Potions
 g - a potion of flight
 q - 2 potions of might
 A - 2 potions of ambrosia
 D - 2 potions of lignification
Comestibles
 c - 10 rations


   Skills:
 + Level 4.0 Fighting
 + Level 3.5(4.3) Short Blades
   Level 3.4(4.1) Long Blades
   Level 2.4 Maces & Flails
 * Level 7.2 Polearms
 * Level 3.3 Bows
 + Level 3.2 Throwing
 * Level 5.0 Armour
 + Level 5.6 Dodging
 + Level 5.6 Stealth
 + Level 3.4 Unarmed Combat
 + Level 6.9 Spellcasting
 + Level 7.4 Summonings
 + Level 3.2 Evocations


You had 12 spell levels left.
You knew the following spells:

 Your Spells              Type           Power        Failure   Level  Hunger
a - Summon Small Mammal   Summ           ####         1%          1    None
b - Call Imp              Summ           ######..     2%          2    #......
c - Call Canine Familiar  Summ           ######..     3%          3    ##.....
d - Summon Lightning Spi  Summ/Air       ####....     38%         4    ####...

Your spell library contained the following spells:

 Spells                   Type           Power        Failure   Level  Hunger
 Summon Guardian Golem    Hex/Summ       ####....     14%         3    ##.....
 Summon Ice Beast         Ice/Summ       ####....     38%         4    ####...


Dungeon Overview and Level Annotations

Branches:
Dungeon (8/15)             Temple (0/1) D:5            Lair (1/6) D:8

Altars:
Ashenzari
Cheibriados
Dithmenos
Elyvilon
Gozag
Hepliaklqana
Nemelex Xobeh
Vehumet
Wu Jian
Yredelemnul
The Shining One

Shops:
D:5 [   D:8 =

Annotations:
D:4 2 transporters, Partyfoot's ghost, amateur CeHu
Lair:1 Joseph


Innate Abilities, Weirdness & Mutations

You revert to your normal form in water You are very nimble and swift while swimming.
You are very stealthy in the water. (Stealth+)
Your life essence is reduced to manifest your ancestor. (-10% HP)
Armour fits poorly on your strangely shaped body.
You are robust. (+10% HP)
You are weak. (Str -2)
Your spells are a little harder to cast, but a little more powerful.


Message History

You feel a surge of power!
A beastly little devil appears in a puff of frigid air.
The blink frog blinks!
Joseph shoots a sling bullet.
The sling bullet hits you!
You miss the blink frog.
The blink frog is lightly wounded.
The blink frog hits you!
* * * LOW HITPOINT WARNING * * *
Henti hits the blink frog with a +0 flail.
Joseph shoots a sling bullet.
The sling bullet closely misses you.
Your wolf closely misses the blink frog.
The blink frog closely misses you.
Your wolf bites the blink frog.
Your white imp closely misses the blink frog.
Your white imp barely misses the blink frog.
Joseph shoots a sling bullet.
The sling bullet closely misses you.
Henti barely misses the blink frog.
The blink frog hits you!
* * * LOW HITPOINT WARNING * * *
You climb upwards.
Welcome back to the Dungeon!
There is a staircase to the Lair, spattered with blood here.
You feel better. The blink frog hits you!
You die...

####.##.##.# ####.### #.#
#....##.##.###....P.### #.#
#.##.##.##.#P..P......## #.#####
#.##.##.##....P.P...P..# #......
....................P..## #######
#.#.##...#..P.P...P....P#
#.#......>.P...####P....#
#.#.##.........#FR÷[..P.## ######
#.#.##...#.P...#@.#P.P...###.....
#........#..P..####..P.......####
.........#...P.....P....####.#
..#..#.###..........P..## #.#
###..#.# #.....P.P.P...# #.# #
#..#.# #.#......P...## #.# #
###..#.###.###P.....### #.# #
....<......# ##..#### #.# #
###..####### #.## #.# #


You could see the friendly Henti the knight and a blink frog.

Vanquished Creatures
  An ugly thing (D:8)
  A blink frog (D:8)
  A spriggan (D:7)
  A hungry ghost (D:7)
  A water moccasin (D:8)
  A porcupine (D:8)
  An orc warrior (D:8)
  2 ice beasts
  2 ogres (D:8)
  A centaur (D:4)
  A bullfrog (D:6)
  4 scorpions
  A howler monkey (D:7)
  4 wights
  An electric eel (D:7)
  2 crimson imps
  3 hounds
  An orc priest (D:8)
  5 orc wizards
  An iguana (D:4)
  2 worker ants
  A hound skeleton (D:4)
  2 adders
  A shadow imp (D:6)
  2 worms
  6 orcs
  2 giant cockroaches
  A goblin (D:2)
  A hobgoblin (D:3)
  3 jackals
  2 quokkas
  A ball python (D:2)
  3 bats
  5 frilled lizards
  4 kobolds
  A quokka skeleton (D:8)
  6 rats
78 creatures vanquished.

Vanquished Creatures (collateral kills)
  A two-headed ogre (D:8)
  The ghost of OsakaRedbeard the Zephyrmancer, a novice TeAE of Vehumet (D:7)
  The ghost of trouncer the Vandal, a novice HaCK of Xom (D:7)
  A hippogriff (D:8)
  Prince Ribbit (D:6)
  A hungry ghost (D:7)
  2 porcupines (D:8)
  2 black bears
  An orc warrior (D:8)
  3 sky beasts
  2 ice beasts
  An ogre (D:4)
  3 centaurs
  A crocodile (D:8)
  A big kobold (D:6)
  4 bullfrogs
  2 scorpions
  2 wights (D:4)
  5 howler monkeys
  A crimson imp (D:8)
  3 hounds
  6 orc wizards
  2 orc priests
  4 worker ants
  2 hound skeletons
  A mummy (D:7)
  2 adders
  3 gnolls (D:6)
  A howler monkey zombie (D:5)
  An adder skeleton (D:8)
  4 worms
  A leopard gecko (D:5)
  21 orcs
  4 giant cockroaches
  6 goblins
  6 hobgoblins
  13 jackals
  A quokka (D:6)
  5 bats
  5 frilled lizards
  2 hobgoblin zombies (D:7)
  5 kobolds
  2 orc zombies (D:7)
  6 rats
  2 fungi (D:8)
144 creatures vanquished.

Vanquished Creatures (others)
  2 knights
  4 ancestors (D:4)
  7 fungi (D:8)
  A plant (Lair:1)
14 creatures vanquished.

Grand Total: 236 creatures vanquished

Notes
Turn   | Place    | Note
-------+----------+-------------------------------------------
     0 | D:1      | AngleWyrm the Merfolk Summoner began the quest for the Orb.
     0 | D:1      | Reached XP level 1. HP: 13/13 MP: 3/3
   376 | D:1      | Reached XP level 2. HP: 16/19 MP: 1/5
   394 | D:1      | Learned a level 2 spell: Call Imp
  1268 | D:2      | Reached XP level 3. HP: 18/25 MP: 1/6
  1897 | D:2      | Found a faded altar of an unknown god.
  2498 | D:2      | Reached XP level 4. HP: 31/31 MP: 2/7
  2846 | D:3      | Reached skill level 1 in Armour
  2892 | D:3      | Reached skill level 1 in Unarmed Combat
  2979 | D:3      | Reached XP level 5. HP: 32/36 MP: 6/9
  3295 | D:3      | Learned a level 3 spell: Call Canine Familiar
  3488 | D:3      | Reached skill level 5 in Dodging
  3488 | D:3      | Reached skill level 5 in Summonings
  3488 | D:3      | Reached XP level 6. HP: 47/47 MP: 9/12
  4251 | D:4      | Found a shadowy altar of Dithmenos.
  4251 | D:4      | Found a glowing golden altar of the Shining One.
  4451 | D:4      | Found a basalt altar of Yredelemnul.
  4451 | D:4      | Found a hazy altar of Hepliaklqana.
  4451 | D:4      | Found a shattered altar of Ashenzari.
  4470 | D:4      | Became a worshipper of Hepliaklqana the Forgotten
  4545 | D:4      | Reached XP level 7. HP: 37/46 MP: 9/13
  4752 | D:4      | Found a transporter.
  4899 | D:5      | Entered Level 5 of the Dungeon
  5711 | D:4      | Noticed Partyfoot's ghost (amateur CeHu)
  5714 | D:4      | Found a transporter.
  5889 | D:5      | Reached * piety under Hepliaklqana
  6175 | D:5      | Found a staircase to the Ecumenical Temple.
  6228 | D:5      | Reached XP level 8. HP: 36/52 MP: 10/14
  6402 | D:5      | Reached skill level 1 in Bows
  6434 | D:5      | Found an opulent altar of Gozag.
  6707 | D:5      | Found Uwkat's Antique Armour Shoppe.
  6770 | D:5      | Gained mutation: Your spells are a little harder to cast,
                  | but a little more powerful. [potion of mutation]
  6770 | D:5      | Gained mutation: Armour fits poorly on your strangely
                  | shaped body. [potion of mutation]
  6770 | D:5      | Gained mutation: You are robust. (+10% HP) [potion of
                  | mutation]
  6796 | D:6      | Reached skill level 5 in Stealth
  6972 | D:6      | Noticed Prince Ribbit
  7110 | D:6      | Killed Prince Ribbit
  7115 | D:6      | Found a radiant altar of Vehumet.
  7118 | D:6      | Reached ** piety under Hepliaklqana
  7119 | D:6      | Remembered your ancestor Henti as a knight
  7188 | D:6      | Reached skill level 5 in Spellcasting
  7190 | D:6      | Reached XP level 9. HP: 46/65 MP: 16/16
  7259 | D:6      | Found an ornate altar of the Wu Jian Council.
  7319 | D:6      | Reached skill level 5 in Polearms
  8114 | D:7      | Got a brightly glowing copper ring
  8117 | D:7      | Identified the ring "Mytecesk" {*Contam rF+ MR+++ SInv
                  | Stlth+} (You found it on level 7 of the Dungeon)
  8198 | D:7      | Found a runed translucent gate.
  8235 | D:7      | Found a runed translucent gate.
  8235 | D:7      | Noticed OsakaRedbeard's ghost (novice TeAE)
  8236 | D:7      | Found a runed translucent gate.
  8236 | D:7      | Noticed trouncer's ghost (novice HaCK)
  8298 | D:7      | Killed OsakaRedbeard's ghost
  8298 | D:7      | Reached XP level 10. HP: 43/71 MP: 8/19
  8320 | D:7      | Killed trouncer's ghost
  8614 | D:7      | Found a sparkling altar of Nemelex Xobeh.
  8816 | D:7      | Found a snail-covered altar of Cheibriados.
  8817 | D:7      | Found a white marble altar of Elyvilon.
  8898 | D:8      | Noticed a green ugly thing
  8927 | D:8      | Killed a green ugly thing
  9012 | D:8      | Reached skill level 5 in Armour
  9029 | D:8      | Noticed a two-headed ogre
  9065 | D:8      | Killed a two-headed ogre
  9100 | D:8      | Reached *** piety under Hepliaklqana
  9124 | D:8      | Gained mutation: You are weak. (Str -2) [mutagenic glow]
  9655 | D:8      | Found Edgheafilo's Jewellery Shop.
  9660 | D:8      | Bought an uncursed ring of see invisible for 210 gold
                  | pieces
  9672 | D:8      | Got a pitted trident
  9734 | D:8      | Found a staircase to the Lair.
 10242 | D:8      | Learned a level 4 spell: Summon Lightning Spire
 10276 | D:8      | Identified the +8 trident "Fataoq" {pierce, +Inv MR+} (You
                  | found it on level 8 of the Dungeon)
 10279 | Lair:1   | Entered Level 1 of the Lair of Beasts
 10281 | Lair:1   | Noticed Joseph
 10855 | D:8      | Slain by a blink frog

Levels and vault maps discovered:
D:1:      sevenhm_arrival_forest_fort_small_3, layout_loops_ring, minivault_26,
          minmay_box_of_dots
D:2:      layout_loops_ring, chequers_ecumenical_altar_simple,
          kennysheep_generic_room_14
D:3:      layout_rooms
D:4:      layout_basic, chequers_temple_overflow_statue_of_worship,
          gammafunk_temple_overflow_pools, first_ration, gammafunk_ghost_smash
D:5:      layout_loops_corners, kennysheep_mini_moat, temple_statues,
          serial_shops, nicolae_shop_overgrown_old_shop
D:6:      layout_basic, lemuel_crystal_altar, lemuel_crystal_altar,
          uniq_prince_ribbit1
D:7:      cheibrodos_helix_gallery, layout_cave_pools, old_standard_altar,
          minitemple, gammafunk_ghost_cemetery, the_bakery, minmay_mini_ossuary
D:8:      layout_loops_ring, grunt_lair_entry_orc_guard_hut, serial_shops,
          nicolae_shop_crystal
Lair:1:   layout_gridlike, special_room [special_room_bee], hibernation_bobbens,
          grunt_megastairs_5, uniq_joseph

Skill      XL: |  1  2  3  4  5  6  7  8  9 10 |
---------------+-------------------------------+-----
Dodging        | 3 5 |  5.6
Armour         | 1 3 4 5 |  5.0
Unarmed Combat | 1 3 |  3.4
Stealth        | 4 5 |  5.6
Spellcasting   | 4 5 6 |  6.9
Fighting       | 3 4 |  4.0
Short Blades   | 3 |  3.5
Long Blades    | 3 |  3.4
Maces & Flails | 2 |  2.4
Polearms       | 4 5 7 |  7.2
Throwing       | 2 3 |  3.2
Summonings     | 5 6 7 |  7.4
Evocations     | 3 |  3.2
Bows           | 1 2 3 |  3.3

Action                   |  1- 3 |  4- 6 |  7- 9 | 10-12 || total
-------------------------+-------+-------+-------+-------++-------
Melee: Unarmed           |    85 |       |       |       ||    85
       Whip              |     2 |    20 |       |       ||    22
       Punch             |       |     1 |       |     1 ||     2
       Falchion          |       |    35 |       |       ||    35
       Dagger            |       |     5 |    18 |       ||    23
       Spear             |       |       |   129 |    94 ||   223
       Trident           |       |       |       |     9 ||     9
 Fire: Shortbow          |       |       |    23 |       ||    23
Throw: Stone             |    10 |       |       |       ||    10
       Javelin           |     2 |     1 |    18 |     3 ||    24
 Cast: Summon Small Mamm |    10 |       |     2 |       ||    12
       Call Imp          |    33 |    13 |    24 |    14 ||    84
       Call Canine Famil |       |     4 |    17 |    17 ||    38
Invok: Ancestor Identity |       |     1 |       |       ||     1
       Recall Ancestor   |       |       |     1 |       ||     1
       Ancestor Life: Kn |       |       |     1 |       ||     1
 Abil: Evoke Invisibilit |       |       |       |     1 ||     1
Evoke: Wand              |       |       |     1 |     4 ||     5
  Use: Scroll            |     4 |     2 |     7 |     1 ||    14
       Potion            |       |     3 |     7 |     4 ||    14
 Stab: Distracted        |       |     2 |     6 |     4 ||    12
       Sleeping          |       |       |     2 |       ||     2
       Invisible         |       |       |       |     1 ||     1
  Eat: Chunk             |     3 |     2 |     7 |    15 ||    27
       Ration            |     2 |     1 |     2 |       ||     5
Armor: Robe              |    27 |     9 |     4 |     4 ||    44
Dodge: Dodged            |   109 |    26 |    47 |    45 ||   227
       Rpst.: Falchion   |       |     5 |       |       ||     5

Table legend:
 A = Non-vault XP
 B = Vault XP
 C = Vault XP percentage of total XP
 D = Non-vault monster count
 E = Vault monster count
 F = Vault count percentage of total count
                 A         B        C        D         E       F
            +---------+---------+-------+---------+---------+-------
      Total |    6093 |    2455 |  28.7 |     198 |      22 |  10.0
            +---------+---------+-------+---------+---------+-------
        D:1 |      30 |       3 |   9.1 |      29 |       3 |   9.4
        D:2 |      53 |      10 |  15.9 |      24 |       1 |   4.0
        D:3 |     144 |       0 |   0.0 |      22 |       0 |   0.0
        D:4 |     639 |       0 |   0.0 |      20 |       0 |   0.0
        D:5 |     419 |       0 |   0.0 |      16 |       0 |   0.0
        D:6 |    1420 |     203 |  12.5 |      41 |       1 |   2.4
        D:7 |     987 |    1546 |  61.0 |      16 |      10 |  38.5
        D:8 |    2401 |     693 |  22.4 |      30 |       7 |  18.9
            +---------+---------+-------+---------+---------+-------
